 Dungeon Crawl Stone Soup version 0.32-a0-928-g1cae6b7 (webtiles) character file.

Game seed: 27487497664123749

38455 Agrajag the Grappler (level 13, -7/131 HPs)
             Began as a Troll Fighter on Apr 12, 2024.
             Was an Elder of Wu Jian.
             Succumbed to Nessos's poison
             ... on level 5 of the Lair of Beasts.
             The game lasted 00:24:49 (13649 turns).

Agrajag the Grappler (Troll Fighter)               Turns: 13649, Time: 00:24:49

Health: -7/131     AC: 10    Str: 36    XL:     13   Next: 63%
Magic:  1/14       EV: 12    Int:  4    God:    Wu Jian [****..]
Gold:   614        SH: 11    Dex: 13    Spells: 6/15 levels left

rFire   . .          .
                       - Unarmed
rCold   . . .        b - +0 kite shield
rNeg    . . .        N - +1 robe of Hugapuim {rElec Str+3}
rPois   +            x - +2 hat
rElec   +            h - +2 cloak
rCorr   .            (gloves unavailable)
SInv    .            (boots unavailable)
Will    .....        u - amulet of guardian spirit
Stlth   +            M - ring of poison resistance
HPRegen 1.21/turn    w - +6 ring of strength
MPRegen 0.14/turn

%: guardian spirit
@: lethally poisoned (-7 -> -57), very slightly contaminated
A: large, unfitting armour, claws 3, regeneration 1, shaggy fur 1, tough skin 1
a: Renounce Religion, Wall Jump, Serpent's Lash


You were on level 5 of the Lair of Beasts.
You worshipped Wu Jian.
Wu Jian was greatly pleased with you.
You visited 3 branches of the dungeon, and saw 17 of its levels.

You collected 877 gold pieces.
You spent 263 gold pieces at shops.

Inventory:

Armour
 b - a +0 kite shield (worn)
 h - a +2 cloak (worn)
 x - a +2 hat (worn)
 D - +0 steam dragon scales
 N - the +1 robe of Hugapuim (worn) {rElec Str+3}
   (You found it on level 1 of the Lair of Beasts)

   Str+3:     It affects your strength (+3).
   rElec:     It insulates you from electricity.
Jewellery
 d - a ring of flight
 r - a +4 ring of protection
 u - an amulet of guardian spirit (around neck)
 w - a +6 ring of strength (right claw)
 B - a ring of resist corrosion
 E - a ring of positive energy
 G - a ring of protection from fire
 M - a ring of poison resistance (left claw)
Wands
 C - a wand of flame (17)
 F - a wand of polymorph (4)
 I - a wand of digging (7)
Scrolls
 a - 2 scrolls of amnesia {unknown}
 c - a scroll of brand weapon {unknown}
 f - a scroll of immolation {unknown}
 k - a scroll of noise {unknown}
 l - 5 scrolls of vulnerability
 n - 3 scrolls of poison
 p - 2 scrolls of torment
 s - 7 scrolls of teleportation
 t - 4 scrolls of fear
 y - a scroll of revelation
 z - 2 scrolls of fog
 A - 2 scrolls of blinking
 J - 2 scrolls of enchant weapon {unknown}
Potions
 e - 4 potions of invisibility
 g - a potion of cancellation
 i - 2 potions of attraction
 j - 2 potions of haste
 m - a potion of curing
 o - a potion of brilliance {unknown}
 q - 3 potions of enlightenment
 v - 3 potions of mutation
 H - a potion of might
 L - a potion of ambrosia {unknown}


   Skills:
 + Level 9.3 Fighting
 + Level 9.3 Dodging
 + Level 10.1 Shields
 * Level 14.9 Unarmed Combat
 + Level 1.8 Spellcasting
 + Level 2.3 Translocations


You had 6 spell levels left.
You knew the following spells:

 Your Spells              Type           Power      Damage    Failure   Level
a - Apportation           Tloc           4%         N/A       26%         1
b - Vhi's Electric Charg  Tloc/Air       2%         N/A       99%         4
c - Blink                 Tloc           4%         N/A       38%         2
d - Lesser Beckoning      Tloc           4%         N/A       38%         2

Your spell library contained the following spells:

 Spells                   Type           Power      Damage    Failure   Level
 Momentum Strike          Conj/Tloc      2%         3d8       54%         2
 Magic Dart               Conj           0%         1d3       56%         1
 Necrotise                Necr           0%         1d4       56%         1
 Sting                    Conj/Alch      0%         1d3       56%         1
 Summon Small Mammal      Summ           0%         N/A       56%         1
 Teleport Other           Tloc           2%         N/A       63%         3
 Call Imp                 Summ           0%         N/A       71%         2
 Volatile Blastmotes      Fire/Tloc      2%         2d10      78%         3
 Inner Flame              Hex/Fire       0%         N/A       91%         3
 Passwall                 Erth           0%         N/A       91%         3
 Vampiric Draining        Necr           0%         2d6       91%         3
 Flame Wave               Conj/Fire      0%         2d4       100%        4
 Martyr's Knell           Necr/Summ      0%         N/A       100%        4
 Sticky Flame             Fire/Alch      0%         2d4       100%        4
 Alistair's Intoxication  Alch           0%         N/A       100%        5
 Borgnjor's Vile Clutch   Necr/Erth      0%         N/A       100%        5
 Curse of Agony           Necr           0%         N/A       100%        5
 Irradiate                Conj/Alch      0%         3d11      100%        5
 Bombard                  Conj/Erth      0%         9d1       100%        6
 Dispersal                Tloc           1%         N/A       100%        6
 Eringya's Noxious Bog    Alch           0%         4d6       100%        6
 Gell's Gavotte           Tloc           1%         2d(11-17) 100%        6
 Ignition                 Fire           0%         3d3       100%        8


Dungeon Overview and Level Annotations

Branches:
Dungeon (11/15)            Temple (1/1) D:7            Lair (5/5) D:11
 Shoals (0/4) Lair:2       Spider (0/4) Lair:3        Slime (0/5) Lair:4
    Orc (0/2) D:9

Altars:
Ashenzari
Cheibriados
Dithmenos
Elyvilon
Fedhas
Gozag
Hepliaklqana
Kikubaaqudgha
Makhleb
Nemelex Xobeh
Okawaru
Qazlal
Ru
Sif Muna
Trog
Uskayaw
Vehumet
Wu Jian
Xom
Yredelemnul
Zin
The Shining One

Shops:
D:6 ?   D:9 *

Annotations:
D:5 1 runed translucent door, Crazy Yiuf
Lair:5 Nessos


Innate Abilities, Weirdness & Mutations

You are too large for most types of armour.
You have claws for hands.
Your natural rate of healing is unusually fast.
You are covered in fur. (AC +1)
You have tough skin. (AC +1)


Message History

You start waiting.
Done waiting.
You climb downwards.
Level annotation: Nessos Nessos casts a spell.
Nessos blinks!
Nessos shoots an arrow.
You block the arrow.
Nessos shoots an arrow.
The arrow hits you! The arrow burns you.
There is a stone staircase leading up, spattered with blood here.
Cast which spell? (? or * to list)
You can't see any susceptible monsters within range! (Use Z to cast anyway.) Nessos shoots an arrow.
The arrow barely misses you.
Nessos gestures wildly while chanting.
Nessos seems to speed up.
Nessos shoots an arrow.
You block the arrow.
Nessos shoots an arrow.
The arrow hits you! The arrow burns you.
You are poisoned.
There is a stone staircase leading up, spattered with blood here.
Cast which spell? (? or * to list)
Aiming: Lesser Beckoning (mildly dangerous; 38% risk of failure)
Press: ? - help, Shift-Dir - straight line, f - Nessos
Aim: Nessos, wielding a +3 longbow of flaming and wearing a +0 barding (fast, 100% to hit)
You miscast Lesser Beckoning.
You are very lightly contaminated with residual magic.
Nothing appears to happen.
You feel very sick.
Nessos shoots an arrow.
The arrow hits you! The arrow burns you.
You feel very sick.
Nessos casts a spell.
Nessos blinks!
Nessos shoots an arrow.
You block the arrow.
You feel sick.
Nessos shoots an arrow.
The arrow hits you! The arrow burns you.
Nessos shoots an arrow.
You block the arrow.
You feel sick.
Nessos shoots an arrow.
The arrow hits you! The arrow burns you.
You are more poisoned.
Nessos shoots an arrow.
The arrow misses you.
Nessos shoots an arrow.
The arrow hits you!!
* * * LOW HITPOINT WARNING * * *
The arrow burns you!
You are lethally poisoned!
* * * LOW HITPOINT WARNING * * *
You die...

..# ..# ## ..###+###.#
..........# <.........#
######### ### ..
..........###....##.###.##
.PP#
##.#.....##..........#...#..P#
####c.##.#P.........#.......#
##..##.......@.[.......####
#....##...............##
#...#.#..............##
....#............<.....##
....P..P.........).......
.......P.#..............##
....##P#.#..$......c.....#
.... #####...............# ...
#....:..........


You could see Nessos (fast).

Vanquished Creatures
  Erica (Lair:1)
  A hydra (Lair:4)
  2 boulder beetles
  2 two-headed ogres
  6 death yaks (Lair:3)
  2 skysharks
  An orb spider (Lair:3)
  An oklob plant (Lair:4)
  11 elephants
  2 black mambas
  A torpor snail (Lair:3)
  12 cane toads
  Jeremiah (D:6)
  2 rime drakes
  Psyche (D:11)
  5 komodo dragons
  A troll (D:9)
  A polar bear (Lair:3)
  Grinder (D:3)
  A hornet (Lair:3)
  4 dream sheep (Lair:3)
  10 blink frogs
  6 wyverns
  5 steam dragons
  41 yaks
  Grum (Lair:1)
  A warg (D:11)
  2 basilisks (Lair:1)
  3 vampire mosquitoes (D:10)
  An acid dragon (D:10)
  17 water moccasins
  6 orc warriors
  A sky beast (D:7)
  A black bear (D:4)
  15 wolves
  5 centaurs
  Blork the orc (D:5)
  16 bullfrogs
  A gnoll sergeant (D:10)
  2 scorpions
  3 wights (D:9)
  8 killer bees
  4 electric eels
  A howler monkey (D:11)
  4 bombardier beetles
  3 jellies (Lair:4)
  3 gnoll boudas (D:7)
  3 hounds
  5 orc priests
  4 sleepcaps (D:6)
  3 iguanas
  15 orc wizards
  22 gnolls
  6 adders
  2 shadow imps
  2 white imps
  2 dart slugs
  4 ribbon worms
  58 orcs
  13 endoplasms
  6 giant cockroaches
  6 goblins
  8 hobgoblins
  4 quokkas
  6 ball pythons
  3 bats
  4 frilled lizards
  3 kobolds
  4 rats
403 creatures vanquished.

Notes
Turn   | Place    | Note
-------+----------+-------------------------------------------
     0 | D:1      | Agrajag the Troll Fighter began the quest for the Orb.
     0 | D:1      | Reached XP level 1. HP: 22/22 MP: 0/0
   173 | D:1      | Reached XP level 2. HP: 29/29 MP: 1/1
  1067 | D:2      | Reached XP level 3. HP: 36/36 MP: 2/2
  1282 | D:2      | Reached skill level 3 in Unarmed Combat
  1668 | D:3      | Noticed Grinder
  1675 | D:3      | Reached XP level 4. HP: 43/44 MP: 3/3
  1706 | D:3      | Paralysed by Grinder for 3 turns
  1711 | D:3      | Killed Grinder
  1712 | D:3      | Reached skill level 4 in Unarmed Combat
  1712 | D:3      | Reached XP level 5. HP: 8/53 MP: 4/4
  1712 | D:3      | Reached XP level 6. HP: 9/61 MP: 5/5
  2726 | D:4      | Reached skill level 5 in Unarmed Combat
  2726 | D:4      | Reached XP level 7. HP: 68/68 MP: 6/6
  2989 | D:5      | Entered Level 5 of the Dungeon
  3418 | D:5      | Found a runed translucent door.
  3419 | D:5      | Noticed Crazy Yiuf
  3421 | D:5      | You are sucked into a shaft and drop 1 floor!
  3435 | D:6      | Reached skill level 6 in Unarmed Combat
  3453 | D:6      | Found a white marble altar of Elyvilon.
  3482 | D:6      | Reached XP level 8. HP: 68/78 MP: 7/7
  3562 | D:6      | Found a hazy altar of Hepliaklqana.
  3647 | D:6      | Noticed Jeremiah
  4134 | D:5      | Noticed Blork the orc
  4142 | D:5      | Killed Blork the orc
  4143 | D:5      | Reached skill level 5 in Shields
  4312 | D:5      | Learned a level 1 spell: Apportation
  4317 | D:5      | Learned a level 4 spell: Vhi's Electric Charge
  4532 | D:6      | Reached skill level 7 in Unarmed Combat
  4676 | D:6      | Killed Jeremiah
  4999 | D:6      | Found Akhli's Magic Scroll Emporium.
  5007 | D:6      | Bought a scroll of revelation for 82 gold pieces
  5007 | D:6      | Bought a scroll of fog for 44 gold pieces
  5007 | D:6      | Bought a scroll of blinking for 82 gold pieces
  5007 | D:6      | Bought a scroll of identify for 22 gold pieces
  5007 | D:6      | Bought a scroll of teleportation for 33 gold pieces
  5111 | D:7      | Found a staircase to the Ecumenical Temple.
  5118 | Temple   | Entered the Ecumenical Temple
  5141 | D:7      | Reached skill level 5 in Fighting
  5141 | D:7      | Reached skill level 5 in Dodging
  5141 | D:7      | Reached XP level 9. HP: 88/88 MP: 8/8
  5268 | D:7      | Reached skill level 8 in Unarmed Combat
  5771 | D:8      | Upgraded the game from 0.32-a0-924-gf9495cf to
                  | 0.32-a0-928-g1cae6b7
  6421 | D:9      | Found Goysyecuir's Overcharged Wands.
  6552 | D:9      | Reached skill level 9 in Unarmed Combat
  6633 | D:9      | Reached XP level 10. HP: 41/98 MP: 8/9
  6685 | D:9      | Learned a level 2 spell: Blink
  6688 | D:9      | Learned a level 2 spell: Lesser Beckoning
  6815 | D:9      | Found a staircase to the Orcish Mines.
  6903 | D:9      | Found an ornate altar of the Wu Jian Council.
  6915 | D:9      | Became a worshipper of the Wu Jian Council
  7352 | D:10     | Entered Level 10 of the Dungeon
  7436 | D:10     | Reached skill level 10 in Unarmed Combat
  7821 | D:10     | Identified the +3 arbalest "Killer Bee's Death" {penet,
                  | *Corrode rC++ Dex+3}
  7829 | D:10     | Reached * piety under Wu Jian
  7938 | D:10     | Noticed a two-headed ogre
  7942 | D:10     | Killed a two-headed ogre
  7943 | D:10     | Reached skill level 11 in Unarmed Combat
  7943 | D:10     | Reached XP level 11. HP: 107/107 MP: 10/10
  8210 | D:11     | Found a staircase to the Lair.
  8285 | D:11     | Noticed a boulder beetle
  8291 | D:11     | Noticed Psyche
  8291 | D:11     | Noticed a centaur warrior
  8292 | D:11     | Noticed a deep troll earth mage
  8302 | D:11     | Killed Psyche
  8303 | D:11     | Noticed a red ugly thing
  8335 | D:11     | Killed a boulder beetle
  8376 | D:11     | Noticed a two-headed ogre
  8388 | D:11     | Killed a two-headed ogre
  8545 | Lair:1   | Entered Level 1 of the Lair of Beasts
  8591 | Lair:1   | Noticed Erica
  8623 | Lair:1   | Killed Erica
  8743 | Lair:1   | Reached skill level 12 in Unarmed Combat
  8746 | Lair:1   | Reached ** piety under Wu Jian
  9296 | Lair:1   | Reached XP level 12. HP: 54/119 MP: 4/11
  9368 | Lair:1   | Identified the +1 robe of Hugapuim {rElec Str+3}
  9370 | Lair:1   | Identified the +8 dagger "Troll's Bane" {flame, rF+ Int+3
                  | Dex+4}
  9370 | Lair:1   | Noticed Grum
  9374 | Lair:1   | Killed Grum
  9767 | Lair:2   | Noticed a boulder beetle
  9783 | Lair:2   | Killed a boulder beetle
  9784 | Lair:2   | Reached skill level 13 in Unarmed Combat
  9971 | Lair:2   | Reached *** piety under Wu Jian
 10369 | Lair:2   | Found a staircase to the Shoals.
 11009 | Lair:3   | Found a hole to the Spider Nest.
 11040 | Lair:3   | Reached skill level 14 in Unarmed Combat
 11494 | Lair:3   | Reached **** piety under Wu Jian
 11495 | Lair:3   | Reached XP level 13. HP: 130/130 MP: 12/12
 11888 | Lair:4   | Reached skill level 1 in Translocations
 11925 | Lair:4   | Reached skill level 1 in Spellcasting
 11957 | Lair:4   | Found a staircase to the Slime Pits.
 11965 | Lair:4   | Identified the +1 leather armour "Neogon" {rF+ Will+}
 12101 | Lair:3   | Reached skill level 10 in Shields
 12373 | Lair:4   | Found a blossoming altar of Fedhas.
 12903 | Lair:5   | Entered Level 5 of the Lair of Beasts
 12921 | Lair:5   | Noticed Nessos
 13648 | Lair:5   | HP: 6/131 [Nessos/arrow (11)]
 13649 | Lair:5   | Succumbed to Nessos's poison

Illustrated notes

Levels and vault maps discovered:
D:1:      dpeg_arrival_rooms_with_view, layout_basic
D:2:      layout_loops_corners
D:3:      layout_loops_ring, ebering_dispersal_statue_hall, uniq_grinder
D:4:      layout_loops_ring
D:5:      layout_layer_cave, uniq_blork_the_orc, uniq_crazy_yiuf_cottage
D:6:      layout_basic, mainiacjoe_overflow_large_starburst, serial_shops, shop,
          hellmonk_no_cap, uniq_jeremiah
D:7:      layout_rooms, minmay_temple_entry_sparse_star,
          chequers_serial_rivers_micro_b
D:8:      layout_basic, hangedman_decor_riveting, st_stairs_12, minivault_4,
          chequers_serial_rivers_micro_b
D:9:      layout_long_grid, lemuel_round_altar, erik_orc_2,
          nicolae_concentric_dashed_squares_mild, nicolae_shop_overcharged_wands
D:10:     layout_loops_cross, small_statue_intersection
D:11:     layout_stronghold, erik_lair_orcish_takeover, serial_rivers,
          chequers_serial_rivers_room_b, chequers_serial_rivers_micro_b,
          chequers_serial_rivers_marsh, chequers_serial_rivers_room_b,
          chequers_serial_rivers_micro_e, nicolae_doodle_vault, uniq_psyche
Temple:   nicolae_temple_bog_church
Lair:1:   layout_long_grid, beast_lair_carwin_10, uniq_erica, uniq_grum
Lair:2:   layout_regular_city, minmay_shoals_entry_centaurs, grunt_megastairs_4,
          infiniplex_staircase_pool_2, lemuel_fruit_fields
Lair:3:   layout_roguey, nicolae_spider_entry_orb_guardian, grunt_megastairs_3
Lair:4:   layout_concentric_octagons, nicolae_slime_entry_slimehenge, tgw_fedhas
Lair:5:   evilmike_catoblepas_cave, layout_cave_pods, serial_rivers,
          chequers_serial_rivers_room_b, chequers_serial_rivers_small_b,
          chequers_serial_rivers_small_3, chequers_serial_rivers_small_3,
          uniq_nessos

Skill      XL: |  1  2  3  4  5  6  7  8  9 10 11 12 13 |
---------------+----------------------------------------+-----
Shields        | 3 4 5 6 7 8 9 10 | 10.1
Unarmed Combat | 3 4 5 6 7 9 11 12 14 | 14.9
Dodging        | 3 4 5 6 7 8 9 |  9.3
Fighting       | 3 4 5 6 7 8 9 |  9.3
Translocations | 2 |  2.3
Spellcasting   | 1 |  1.8

Action                     |  1- 3 |  4- 6 |  7- 9 | 10-12 | 13-15 || total
---------------------------+-------+-------+-------+-------+-------++-------
  Melee: Unarmed           |    94 |    97 |   373 |   699 |   263 ||  1526
Ability: Lunge             |       |       |       |    24 |     6 ||    30
         Whirlwind         |       |       |       |    81 |    92 ||   173
  Evoke: Wand              |       |       |     3 |     5 |       ||     8
    Use: Potion            |       |     1 |       |     7 |     1 ||     9
         Scroll            |       |       |     6 |     5 |     6 ||    17
   Stab: Sleeping          |     1 |     2 |       |       |       ||     3
 Armour: Robe              |    44 |    32 |   152 |   146 |   108 ||   482
         Steam dragon scal |       |       |   133 |   260 |       ||   393
         Skin              |       |       |       |    34 |     9 ||    43
  Dodge: Dodged            |    21 |    26 |   149 |   231 |    55 ||   482
  Block: Kite shield       |    36 |    38 |   203 |   401 |   116 ||   794

Table legend: (Time is in decaauts)
 A = Elapsed time spent in this place.
 B = Non-inter-level travel time spent in this place.
 C = Inter-level travel time spent in this place.
 D = Time resting spent in this place.
 E = Time spent auto-exploring this place.
 F = Levels seen in this place.
 G = Mean time per level.
                   A        B        C        D        E       F      G
               +--------+--------+--------+--------+--------+-----+--------+
         Total |  13621 |  13103 |    518 |   1257 |   8829 |  17 |  801.2 |
       Dungeon |   8533 |   8203 |    330 |    312 |   6099 |  11 |  775.7 |
        Temple |      1 |      1 |      0 |      0 |      0 |   1 |    1.0 |
          Lair |   5086 |   4899 |    187 |    945 |   2730 |   5 | 1017.2 |
               +--------+--------+--------+--------+--------+-----+--------+

Top non-repeatable levels by time:
  Lair:4: 1552 daAuts
     D:5: 1285 daAuts
  Lair:3: 1225 daAuts
  Lair:1: 1185 daAuts
  Lair:2: 999 daAuts
     D:9: 964 daAuts
     D:1: 848 daAuts
     D:6: 818 daAuts
     D:2: 806 daAuts
    D:10: 795 daAuts
     D:4: 726 daAuts
     D:7: 668 daAuts
     D:3: 616 daAuts
     D:8: 603 daAuts
    D:11: 399 daAuts
